 Dungeon Crawl Stone Soup version 0.21-a0-498-g1b60429 (webtiles) character file.

5 tidbits the Caller (level 1, 5/13 HPs)
             Began as a Gnoll Summoner on Nov 24, 2017.
             Quit the game on level 1 of the Dungeon.
             The game lasted 00:01:15 (170 turns).

tidbits the Caller (Gnoll Summoner)                  Turns: 170, Time: 00:01:16

Health: 5/13       AC:  6    Str: 10    XL:     1   Next: 80%
Magic:  6/6        EV: 12    Int: 17    God:
Gold:   11         SH:  0    Dex: 15    Spells: 8/9 levels left

rFire    . . .     SeeInvis .   (no weapon)
rCold    . . .     Gourm    .   (no shield)
rNeg     . . .     Faith    .   g - +0 ring mail
rPois    .         Spirit   .   (no helmet)
rElec    .         Reflect  .   (no cloak)
rCorr    .         Harm     .   f - +0 pair of gloves
MR       .....                  (no boots)
Stlth    ++........             (no amulet)
HPRegen  0.04/turn              (no ring)
MPRegen  0.10/turn              (no ring)

@: no status effects
A: distributed training, fangs 1, strong nose
a: no special abilities


You were on level 1 of the Dungeon.
You were not hungry.

You visited 1 branch of the dungeon, and saw 1 of its levels.

You collected 11 gold pieces.

Inventory:

Armour
 a - a +0 robe
 f - a +0 pair of gloves (worn)
 g - a +0 ring mail (worn)
Scrolls
 e - a scroll of identify {unknown}
 h - a scroll of remove curse {unknown}
Books
 b - a book of Callings

   Spells                             Type                      Level
   a - Summon Small Mammal            Summoning                    1
   b - Call Imp                       Summoning                    2
   c - Call Canine Familiar           Summoning                    3
   d - Summon Guardian Golem          Hexes/Summoning              3
   e - Summon Lightning Spire         Summoning/Air                4
   f - Summon Ice Beast               Ice/Summoning                4
Comestibles
 c - 2 bread rations
 d - a royal jelly


   Skills:
 + Level 0.1 Fighting
 + Level 0.1 Short Blades
 + Level 0.1 Long Blades
 + Level 0.1 Axes
 + Level 0.1 Maces & Flails
 + Level 0.1 Polearms
 + Level 0.1 Staves
 + Level 0.1 Slings
 + Level 0.1 Bows
 + Level 0.1 Crossbows
 + Level 0.1 Throwing
 + Level 0.1 Armour
 + Level 4.4 Dodging
 + Level 4.0 Stealth
 + Level 0.1 Shields
 + Level 0.1 Unarmed Combat
 + Level 4.9 Spellcasting
 + Level 0.1 Conjurations
 + Level 0.1 Hexes
 + Level 0.1 Charms
 + Level 7.0 Summonings
 + Level 0.1 Necromancy
 + Level 0.1 Translocations
 + Level 0.1 Transmutations
 + Level 0.1 Fire Magic
 + Level 0.1 Ice Magic
 + Level 0.1 Air Magic
 + Level 0.1 Earth Magic
 + Level 0.1 Poison Magic
 + Level 0.2 Invocations
 + Level 0.1 Evocations


You had 8 spell levels left.
You knew the following spells:

 Your Spells              Type           Power        Failure   Level  Hunger
a - Summon Small Mammal   Summ           ####         1%          1    None


Dungeon Overview and Level Annotations

Branches:
Dungeon (1/15)

Altars:


Innate Abilities, Weirdness & Mutations

Your experience applies equally to all skills.
You have very sharp teeth.
Your uncanny sense of smell can sniff out nearby items.


Message History

You hit the hobgoblin.
The hobgoblin is heavily wounded.
The hobgoblin closely misses you.
The dart slug completely misses your quokka.
You barely miss the hobgoblin.
The hobgoblin is heavily wounded.
The hobgoblin misses you.
You hit the hobgoblin but do no damage.
The hobgoblin is heavily wounded.
The hobgoblin hits you with a club.
The dart slug barely misses your quokka.
You hit the hobgoblin.
The hobgoblin is severely wounded.
Your quokka disappears in a puff of smoke!
The hobgoblin hits you with a club.
* * * LOW HITPOINT WARNING * * *
You hit the hobgoblin but do no damage. Your bite misses the hobgoblin.
The hobgoblin is severely wounded.
The hobgoblin misses you. The dart slug completely misses you.
You hit the hobgoblin.
You kill the hobgoblin!
Casting: Summon Small Mammal
Confirm with . or Enter, or press ? or * to list all spells.
The dart slug bites you.
* * * LOW HITPOINT WARNING * * *
The frilled lizard closely misses you.
Your bat barely misses the frilled lizard.
Your bat misses the frilled lizard.
You see here a club.
You hit the dart slug.
The dart slug is moderately wounded.
Your bat hits the frilled lizard. The frilled lizard bites you.
* * * LOW HITPOINT WARNING * * *
Your bat barely misses the frilled lizard.
You miss the frilled lizard.
Your bat barely misses the frilled lizard.
Your bat misses the frilled lizard.
The dart slug bites you but does no damage.
The frilled lizard bites you.
* * * LOW HITPOINT WARNING * * *
You hit the frilled lizard.
The frilled lizard is heavily wounded.
Your bat misses the frilled lizard.
The frilled lizard unfolds its giant frill.
The frilled lizard barely misses you.
The dart slug bites you but does no damage.
Your bat hits the frilled lizard.
The frilled lizard dies!
You hit the dart slug.
The dart slug is moderately wounded.
Your bat hits the dart slug but does no damage.
You hit the dart slug.
The dart slug is heavily wounded.
Your bat hits the dart slug but does no damage.
The dart slug bites you but does no damage.
You hit the dart slug.
The dart slug is severely wounded.
Your bat hits the dart slug but does no damage.
The dart slug launches a dart at you. The slug dart misses you.
You hit the dart slug but do no damage.
The dart slug is severely wounded.
Your bat hits the dart slug. The dart slug barely misses you.
You completely miss the dart slug.
The dart slug is severely wounded.
Your bat hits the dart slug but does no damage.
Your bat hits the dart slug. You hit the dart slug.
You kill the dart slug!
Wear which item? (? for menu, Esc to quit)
You start putting on your armour.
You continue putting on your pair of gloves. x4
You finish putting on your +0 pair of gloves.
Wield which item (- for none, * to show all)? (? for menu, Esc to quit)
You can't wield armour.
Wear which item? (? for menu, Esc to quit)
You start removing your armour.
You continue taking off your +0 robe. x4
You finish taking off your +0 robe.
You start putting on your armour.
You continue putting on your ring mail.
Your bat disappears in a puff of smoke!
You continue putting on your ring mail. x4
You finish putting on your +0 ring mail.
Wear which item? (? for menu, Esc to quit)
Okay, then.
You open the door.
Found a scroll labeled IMAISESILO.
There is an open door here.
h - a scroll labeled IMAISESILO A rat comes into view.
Found 10 gold pieces.
Found a stone staircase leading down.
A hobgoblin comes into view.
The rat bites you but does no damage. The rat closely misses you.
The hobgoblin misses you.
Found 29 sling bullets.
The hobgoblin barely misses you.
The hobgoblin hits you but does no damage.
A hobgoblin comes into view. It is wielding a club.
Are you sure you want to abandon this character and quit the game? (Confirm with "yes".)

.#
#..........#
....
#..........#
....
#........##...
....
#........#
####
#........#
#.....$..#
####
#...>..g.#
...#
####...r##
...# #.....@+
...# #.#....#
#### #.#....#
).# # #(...#
### #....# #
#....# #
#.g..# #
#....# #


You could see 2 hobgoblins and a rat.

Vanquished Creatures
  A dart slug (D:1)
  A hobgoblin (D:1)
2 creatures vanquished.

Vanquished Creatures (collateral kills)
  A kobold (D:1)
  A frilled lizard (D:1)
2 creatures vanquished.

Grand Total: 4 creatures vanquished

Notes
Turn   | Place    | Note
-------+----------+-------------------------------------------
     0 | D:1      | tidbits the Gnoll Summoner began the quest for the Orb.
     0 | D:1      | Reached XP level 1. HP: 13/13 MP: 6/6
   170 | D:1      | Quit the game

Vault maps used:
D:1:      dpeg_arrival_triangle_fractal, doesnt_xom_only_xom

Action                   || total
-------------------------++-------
Melee: Unarmed           ||    18
       Bite              ||     1
 Cast: Summon Small Mamm ||     2
 Stab: Sleeping          ||     1
Armor: Robe              ||     3
       Ring mail         ||     2
Dodge: Dodged            ||    12

Table legend:
 A = Spawn XP
 B = Non-spawn XP
 C = Spawn XP percentage of total XP
 D = Spawn monster count
 E = Non-spawn monster count
 F = Spawn count percentage of total count
 G = Total turns spent on level
                    A         B        C        D         E        F      G
               +---------+---------+-------+---------+---------+-------+---------
         Total |       0 |       8 |   0.0 |       0 |       4 |   0.0 |   170
               +---------+---------+-------+---------+---------+-------+---------
           D:1 |       0 |       8 |   0.0 |       0 |       4 |   0.0 |   170
               +---------+---------+-------+---------+---------+-------+---------

Table legend:
 A = Turns spent in this place as a percentage of turns spent in the entire game.
 B = Non-inter-level travel turns spent in this place as a percentage of non-inter-level travel turns spent in the entire game.
 C = Inter-level travel turns spent in this place as a percentage of turns spent in this place.
 D = Turns resting spent in this place as a percentage of non-inter-level travel turns spent in this place.
 E = Turns spent auto-exploring this place as a percentage of non-inter-level travel turns spent in this place.
 F = Non-inter-level travel turns spent in this place divided by the number of levels of this place that you've seen.
                   A       B       C       D       E      F
               +-------+-------+-------+-------+-------+----------------------
         Total | 100.0 | 100.0 |   0.0 |   0.0 |   0.0 | 170.0
       Dungeon | 100.0 | 100.0 |   0.0 |   0.0 |   0.0 | 170.0
               +-------+-------+-------+-------+-------+----------------------

Table legend:
 A = Kills in this place as a percentage of kills in entire the game.
 B = Kills by you in this place as a percentage of kills by you in the entire game.
 C = Kills by friends in this place as a percentage of kills by friends in the entire game.
 D = Other kills in this place as a percentage of other kills in the entire game.
 E = Experience gained in this place as a percentage of experience gained in the entire game.
 F = Experience gained in this place divided by the number of levels of this place that you have seen.
                   A       B       C       D       E      F
               +-------+-------+-------+-------+-------+----------------------
         Total | 100.0 | 100.0 | 100.0 |   N/A | 100.0 |   8.0
       Dungeon | 100.0 | 100.0 | 100.0 |   N/A | 100.0 |   8.0
               +-------+-------+-------+-------+-------+----------------------

Vault maps used:
D:1:      dpeg_arrival_triangle_fractal, doesnt_xom_only_xom
